 Dungeon Crawl Stone Soup version 0.29.1-13-g9f3cf754e1 (webtiles) character file.

Game seed: 2135436357723397852

44 Linkola the Covered (level 3, -1/33 HPs)
             Began as a Minotaur Fighter on Jan 22, 2023.
             Slain by a gnoll
             ... wielding a +0 spear
              (2 damage)
             ... on level 2 of the Dungeon.
             The game lasted 00:02:28 (1350 turns).

Linkola the Covered (Minotaur Fighter)              Turns: 1350, Time: 00:02:30

Health: -1/33      AC:  7    Str: 22    XL:     3   Next: 41%
Magic:  2/2        EV:  9    Int:  5    God:
Gold:   10         SH:  4    Dex:  9    Spells: 2/2 levels left

rFire   . . .      SeeInvis .   a - +0 war axe
rCold   . . .      Faith    .   c - +0 buckler
rNeg    . . .      Spirit   .   b - +0 scale mail
rPois   .          Reflect  .   (helmet restricted)
rElec   .          Harm     .   (no cloak)
rCorr   .          Rampage  .   (no gloves)
Will    .....                   (no boots)
Stlth   ..........              (no amulet)
HPRegen 0.11/turn               (no ring)
MPRegen 0.08/turn               (no ring)

@: no status effects
A: horns 2, retaliatory headbutt
a: no special abilities


You were on level 2 of the Dungeon.
You visited 1 branch of the dungeon, and saw 2 of its levels.

You collected 10 gold pieces.

Inventory:

Hand Weapons
 a - a +0 war axe (weapon)
Missiles
 f - 2 stones (quivered)
 g - 4 javelins
Armour
 b - a +0 scale mail (worn)
 c - a +0 buckler (worn)
Potions
 d - a potion of might
 e - 2 potions of heal wounds {unknown}


   Skills:
 + Level 4.0 Fighting
 + Level 2.9 Axes
 * Level 0.8 Throwing
 + Level 4.1 Armour
 + Level 3.9 Shields
 * Level 0.8 Evocations


You had 2 spell levels left.
You didn't know any spells.
Your spell library contained the following spells:

 Spells                   Type           Power      Damage    Failure   Level
 Magic Dart               Conj           0%         1d3       87%         1
 Call Imp                 Summ           0%         N/A       95%         2
 Mephitic Cloud           Conj/Pois/Air  0%         N/A       99%         3


Dungeon Overview and Level Annotations

Branches:
Dungeon (2/15)

Altars:


Innate Abilities, Weirdness & Mutations

You have a pair of horns on your head.
You reflexively headbutt those who attack you in melee.


Message History

The bat completely misses you. You block the bat's attack.
The bat hits you but does no damage. The bat hits you but does no damage.
There is a stone staircase leading up here.
The bat misses you. You furiously retaliate!
You headbutt the bat.
You kill the bat!
You climb upwards.
There is a stone staircase leading down here.
You start resting.
HP restored.
You climb downwards.
The gnoll hits you from afar with a +0 spear. x2
There is a stone staircase leading up here.
Throw: 3 stones
Press: ? - help, Q - select action, (/) - cycle Shift-Dir - straight line, f - gnoll
Aim: a gnoll, wielding a +0 spear (60% to hit)
You throw a stone.
The stone hits the gnoll but does no damage.
The gnoll hits you from afar with a +0 spear.
The gnoll barely misses you. The gnoll hits you but does no damage.
You barely miss the gnoll. The gnoll hits you with a +0 spear.
The gnoll hits you but does no damage.
You hit the gnoll. Your headbutt misses the gnoll.
The gnoll is moderately wounded.
The gnoll closely misses you. The gnoll hits you but does no damage.
You block the gnoll's attack.
The gnoll hits you from afar with a +0 spear.
You slash the gnoll!
You kill the gnoll!
The gnoll hits you from afar with a +0 spear.
You closely miss the kobold. The kobold hits you but does no damage.
The gnoll hits you from afar with a +0 spear. x2
* * * LOW HITPOINT WARNING * * *
You barely miss the kobold. The kobold hits you but does no damage.
The gnoll barely misses you. The gnoll hits you but does no damage.
The kobold hits you with a +0 whip.
* * * LOW HITPOINT WARNING * * *
The gnoll barely misses you.
The gnoll hits you from afar with a +0 spear.
You die...

#...##... ..
###......#....
##.......##....
##.........#....
#..........)....
###.>.g...........
#gg.....K........#
#K##..............
##@##....#..$....#.
#<.##.#....#...#?.#
#.......###.#.###..#g.#.#
#.#...... ....# #.###.#
#P.P...P♣♣...## #.# #....
P.♣♣♣.♣♣♣PP.# ...


gr... # .♣ ♣PP ##....#... P. #.#.. ... ##. ....# ... You could see 2 gnolls and
a kobold.

Vanquished Creatures
  A gnoll (D:2)
  A dart slug (D:1)
  3 endoplasms (D:1)
  2 giant cockroaches (D:1)
  3 goblins (D:1)
  2 hobgoblins (D:1)
  3 kobolds
  A quokka (D:1)
  9 ball pythons
  3 bats
  2 frilled lizards (D:1)
  2 rats (D:1)
32 creatures vanquished.

Notes
Turn   | Place    | Note
-------+----------+-------------------------------------------
     0 | D:1      | Linkola the Minotaur Fighter began the quest for the Orb.
     0 | D:1      | Reached XP level 1. HP: 19/19 MP: 0/0
    82 | D:1      | Found a faded altar of an unknown god.
   127 | D:1      | Reached XP level 2. HP: 27/27 MP: 1/1
   744 | D:1      | Reached XP level 3. HP: 33/33 MP: 2/2
  1350 | D:2      | HP: 1/33 [kobold/+0 whip (5)]
  1350 | D:2      | Slain by a gnoll

Illustrated notes

Levels and vault maps discovered:
D:1:      matt_arrival_grand_opening, layout_loops_ring,
          nicolae_ecumenical_snake_handling
D:2:      layout_rooms, serial_forest, infiniplex_forest_clump_small,
          infiniplex_forest_end_2, infiniplex_forest_lined_2,
          infiniplex_forest_clump_long, infiniplex_forest_end_1,
          infiniplex_forest_corner_1, infiniplex_forest_end_2, uniq_jessica

Skill      XL: |  1  2  3 |
---------------+----------+-----
Armour         | 4 |  4.1
Fighting       | 4 |  4.0
Axes           | |  2.9
Throwing       | |  0.8
Shields        | |  3.9
Evocations     | |  0.8

Action                   || total
-------------------------++-------
Melee: War axe           ||    50
       Headbutt          ||     9
Throw: Stone             ||     5
  Use: Scroll            ||     3
Armor: Scale mail        ||    29
Dodge: Dodged            ||    34
Block: Buckler           ||    17
